[Event "Live Chess"]
[Site "Chess.com"]
[Date "2024.06.02"]
[Round "-"]
[White "Greenbecker"]
[Black "febray_27"]
[Result "0-1"]
[WhiteElo "1705"]
[BlackElo "2054"]
[TimeControl "300"]
[EndTime "23:25:27 PDT"]
[Termination "febray_27 won on time"]

1. e4 c5 2. g3 e6 3. Bg2 Nc6 4. Ne2 b6 5. O-O Bb7 6. d4 cxd4 7. Nxd4 Nf6 8. Nxc6 dxc6 9. Qxd8+ Rxd8 10. Nc3 Bc5 11.
Bg5 Be7 12. Rad1 O-O 13. e5 Nd5 14. Bxe7 Nxe7 15. Ne4 Ng6 16. Nd6 Ba6 17. Rfe1 c5 18.
f4 Ne7 19. b3 Nc8 20. c4 Ne7 21.
Rd2 Nf5 22. Kf2 Nd4 23. Red1 f6 24. Ke3 fxe5 25. fxe5 Bc8 26. Rf2 Rxf2 27. Kxf2 Bd7 28. Rd2 Bc6 29. Rxd4 Bxg2 30. Rf4 Bc6 31. Ke3 Rf8 32. h4 a6 33. g4 b5 34. a3 g6 35.
h5 gxh5 36. gxh5 Rxf4 37. Kxf4 Kg7 38. Kg5 bxc4 39. bxc4 Bf3 40. h6+ Kf8 41. Kf6 Bg4 42. Nb7 Be2 43. Nxc5 Bxc4 44. Nxe6+ Ke8 45. Ng5 Bg8 46.
Kg7 Bc4 47. Nxh7 Bd3 48. Nf6+ Ke7 49. h7 Bxh7 50. Nxh7 Ke6 51. Nf6 Kxe5 52. Nd7+ Kd5 53. Nb8 a5 54. Kf6 Kc4 55. Ke5 Kb3 56. Nc6 a4 57.
Nd4+ Kxa3 58. Kd5 Kb2 59. Kc4 a3 0-1

[Event "Live Chess"]
[Site "Chess.com"]
[Date "2024.06.02"]
[Round "-"]
[White "Tatarinov_Maxim"]
[Black "KeithArkell"]
[Result "0-1"]
[WhiteElo "2273"]
[BlackElo "2427"]
[TimeControl "300"]
[EndTime "23:26:14 PDT"]
[Termination "KeithArkell won by resignation"]

1. Nf3 d5 2. g3 Bg4 3. Bg2 Bxf3 4. Bxf3 c6 5. O-O Nf6 6. d3 e6 7. Nd2 Nbd7 8. e4 Bc5 9. exd5 cxd5 10. Bg2 O-O 11. c3 Re8 12. d4 Bf8 13. Nf3 b5 14. Re1 Rc8 15. a3 a5 16. Bf4 b4 17. axb4 axb4 18. Qd3 bxc3 19. bxc3 Nh5 20. Bd2 Bd6 21. Ra7 Nhf6 22. Rb1 Ne4 23. Rbb7 Rc7 24. h4 Nxd2 25. Nxd2 Rxb7 26. Rxb7 Nf6 27. Qb5 h6 28. c4 dxc4 29. Nxc4 Bf8 30. Bc6 Re7 31. Rxe7 Bxe7 32. Qb2 Qc7 33.
Ne5 Bd6 34. Bf3 Bxe5 35. dxe5 Nd7 36. Qb7 Qxb7 37. Bxb7 Nxe5 38. Kg2 g5 39. hxg5 hxg5 40. f4 gxf4 41. gxf4 Nc4 42. Kg3 Nd6 43. Bc6 Kg7 44.
Kg4 Kf6 45. Ba4 Nf5 46. Bb5 Ne3+ 47. Kf3 Nc2 48. Kg4 Nd4 49. Ba4 Nf5 50. Bb5 Nd4 51. Ba4 Kg6 52. Be8 Kg7 53. Ba4 f5+ 54. Kg3 Kf6 55. Be8 Ke7 56. Ba4 Kd6 57. Kf2 Kd5 58. Ke3 Kc5 59. Be8 Nc2+ 60. Kf3 Nb4 61. Ke3 Kd5 62.
Ba4 Na6 63. Bb3+ Kd6 64. Kd4 Nc7 65. Bc4 Ne8 66. Bb3 Nf6 67. Ke3 Nd5+ 68. Kf3 Kc5 69. Ba4 Kd4 70. Bd7 Nc7 71. Bc8 Kd5 72. Bd7 Na6 73. Ba4 Nb4 74. Bb3+ Kd6 75. Bc4 Nc6 76. Bb3 Nd4+ 0-1

[Event "Live Chess"]
[Site "Chess.com"]
[Date "2024.06.02"]
[Round "-"]
[White "elephantgerrald"]
[Black "RockTroll"]
[Result "1-0"]
[WhiteElo "839"]
[BlackElo "2183"]
[TimeControl "300"]
[EndTime "23:26:57 PDT"]
[Termination "elephantgerrald won by resignation"]

1. e4 d5 2. exd5 Qxd5 3. Nc3 Qd8 4. Nf3 Nf6 5. d4 Bg4 6. Bf4 Bxf3 7. Qxf3 Qxd4 8.
Qxb7 Qxf4 9. Qxa8 Qb4 10. O-O-O e6 11. Bb5+ Ke7 12. Qxb8 Nd5 13. Nxd5+ exd5 14. Qxc7+ Kf6 15. Rxd5 Qf4+ 16. Qxf4+ 1-0

[Event "Live Chess"]
[Site "Chess.com"]
[Date "2024.06.02"]
[Round "-"]
[White "Ziipyyy"]
[Black "Duke_of_Bebington"]
[Result "0-1"]
[WhiteElo "1312"]
[BlackElo "1661"]
[TimeControl "300"]
[EndTime "23:26:59 PDT"]
[Termination "Duke_of_Bebington won by resignation"]

1. e4 e5 2. Nc3 Nf6 3. f4 d6 4.
f5 Nc6 5. Bc4 Be7 6. Nf3 O-O 7. d3 Na5 8. Bb3 Nxb3 9. axb3 c6 10. O-O Qc7 11. Bg5 h6 12. Be3 d5 13. Qd2 d4 14. Bxh6 dxc3 15. bxc3 Nh7 16. Be3 f6 17. Qf2 Kf7 18. Nh4 Ke8 19. Ng6 Rg8 20. Qh4 Nf8 21.
Qh5 Nxg6 22. Qxg6+ Kf8 23. Rf3 Bd7 24. Rh3 Be8 25.
Qg4 Bf7 26. Rh7 g6 27. Bh6+ Ke8 28. Rg7 Rxg7 29. Bxg7 g5 30. h4 gxh4 31. Qxh4 Qd8 32. Qh8+ Kd7 33. g4 Qxh8 34. Bxh8 Rxh8 35. Kg2 a6 36. b4 Kc7 37. Kg3 Kb6 38. Ra5 Bf8 39.
g5 fxg5 40. Kg4 Be7 41. Rxe5 Rh4+ 42. Kg3 Bd6 43. d4 Bxe5+ 44. dxe5 Rxe4 45. e6 Bh5 46. c4 Kc7 47. b5 axb5 48. cxb5 cxb5 49. Kf2 Kd8 0-1

[Event "Live Chess"]
[Site "Chess.com"]
[Date "2024.06.02"]
[Round "-"]
[White "matt1979"]
[Black "JohanKjeldahl"]
[Result "0-1"]
[WhiteElo "1387"]
[BlackElo "1858"]
[TimeControl "300"]
[EndTime "23:27:16 PDT"]
[Termination "JohanKjeldahl won on time"]

1. f4 e5 2. fxe5 d6 3. Nf3 dxe5 4.
e4 Nc6 5. Bb5 Bd6 6. Bxc6+ bxc6 7. c3 Nf6 8. Qe2 a5 9. O-O Ba6 10. d3 O-O 11. c4 Bc5+ 12. Be3 Bb6 13. Nc3 Bd4 14. Bxd4 exd4 15. Nd1 Rb8 16. b3 Re8 17. Nf2 Qd7 18. Rad1 c5 19. Nh3 Ng4 20. Rfe1 Ne3 21.
Rd2 f5 22. Qf2 h6 23. Nf4 fxe4 24. dxe4 Rxe4 25. Nd5 Bb7 26. Nxe3 dxe3 27. Rxe3 Qe7 28. Rde2 Rxe3 29. Rxe3 Qf6 30. Re1 Rf8 31. Rf1 Bxf3 32.
gxf3 Qg5+ 33. Qg2 Qf4 34. Qf2 Qd4 35. Kg2 Rf6 36. Qe2 Rd6 37. Qe8+ Kh7 38. Qe2 Rg6+ 39. Kh1 Rf6 40. Qc2+ Kg8 41. Qe2 Kf8 42. Re1 Qd7 43. Qe5 Rxf3 44. Qxc5+ Qd6 45. Qh5 Rf7 46. Qh3 Kg8 47.
Re8+ Kh7 48. Re1 Qc6+ 49. Kg1 Qg6+ 50. Kh1 Qc2 51. Kg1 Qf2+ 0-1

[Event "Live Chess"]
[Site "Chess.com"]
[Date "2024.06.02"]
[Round "-"]
[White "Greenbecker"]
[Black "booktrunk"]
[Result "1-0"]
[WhiteElo "1720"]
[BlackElo "1536"]
[TimeControl "300"]
[EndTime "23:27:22 PDT"]
[Termination "Greenbecker won by resignation"]

1. e4 b6 2. d4 Bb7 3. Nc3 e6 4. Nf3 Nf6 5. Bd3 Bb4 6. e5 Nd5 7. Bd2 Nxc3 8. bxc3 Be7 9. O-O f6 10. Re1 fxe5 11. Nxe5 O-O 12. Qh5 h6 13. Qg6 1-0

[Event "Live Chess"]
[Site "Chess.com"]
[Date "2024.06.02"]
[Round "-"]
[White "juniortay"]
[Black "ProfPoisson"]
[Result "1-0"]
[WhiteElo "2408"]
[BlackElo "1273"]
[TimeControl "300"]
[EndTime "23:27:33 PDT"]
[Termination "juniortay won by resignation"]

1. e4 e5 2. Nc3 Nf6 3. f4 d5 4.
fxe5 Nxe4 5. d3 Qh4+ 6. g3 Nxg3 7. Nf3 Qh5 8. Nxd5 Na6 9. Nf4 Bc5 10. Nxh5 Nxh1 11. d4 Bg4 12. Nxg7+ Kf8 13. Bh6 Rd8 14. c3 Kg8 15. Bg2 Be7 16. Bxh1 Bh4+ 17. Kd2 c5 18. Qg1 f5 19. exf6 cxd4 20. Qxg4 dxc3+ 21. Kc2 Bxf6 22. Nh5+ Kf7 23. Nxf6 1-0

[Event "Live Chess"]
[Site "Chess.com"]
[Date "2024.06.02"]
[Round "-"]
[White "peteopeteo"]
[Black "JoeyCage"]
[Result "0-1"]
[WhiteElo "1556"]
[BlackElo "2396"]
[TimeControl "300"]
[EndTime "23:27:59 PDT"]
[Termination "JoeyCage won by resignation"]

1. e4 c5 2. Nf3 Nc6 3. Bc4 Nf6 4. Nc3 e6 5. O-O a6 6. d4 cxd4 7. Nxd4 b5 8. Be2 Bb7 9. Bg5 h6 10. Bh4 Qb6 11. Nxc6 Bxc6 12. Bxf6 gxf6 13. Qd3 Rc8 14. Rad1 Be7 15. Bf3 Qc7 16. Ne2 Qe5 17. Qd4 Bc5 18. Qxe5 fxe5 19. c3 Ke7 20. b4 Bb6 21. Ng3 Rcg8 22.
Rd3 Rg5 23. Rfd1 h5 24. h4 Rxg3 25. a4 Rgg8 26. a5 Ba7 27. Rd6 Rc8 28. R6d3 Rcd8 29. Kf1 Bb8 30. Re1 d5 31. exd5 Bxd5 32. Bxd5 Rxd5 33.
Rxd5 exd5 34. Rd1 Ke6 35. Rd3 f5 36. f4 e4 37. Re3 Bxf4 0-1

[Event "Live Chess"]
[Site "Chess.com"]
[Date "2024.06.02"]
[Round "-"]
[White "EPotapov05"]
[Black "OleksiyJr1"]
[Result "1-0"]
[WhiteElo "1808"]
[BlackElo "1530"]
[TimeControl "300"]
[EndTime "23:28:22 PDT"]
[Termination "EPotapov05 won by resignation"]

1. d4 Nf6 2. c4 c6 3. Bf4 d5 4. e3 Bf5 5. Nc3 e6 6. Qb3 Qb6 7. c5 Qxb3 8. axb3 Nbd7 9. b4 Be7 10. h3 O-O 11. b5 cxb5 12. Bxb5 b6 13. b4 bxc5 14.
bxc5 Rfd8 15. Bc6 Rac8 16. Bb7 Ne4 17. Nxe4 Bxe4 18. f3 g5 19. Bxc8 gxf4 20. Bxd7 Rxd7 21. fxe4 dxe4 22. exf4 Rxd4 23. Rxa7 Bxc5 24. Ra8+ Kg7 25. Ne2 Rd3 26. Rb8 Bd6 27. Rb5 Re3 28. Kf2 Rd3 29.
Rc1 Rd2 30. g3 Rd3 31. Rc4 e3+ 32. Kf3 1-0

[Event "Live Chess"]
[Site "Chess.com"]
[Date "2024.06.02"]
[Round "-"]
[White "MagnersCarlsberg2870"]
[Black "AlanBstard10"]
[Result "1/2-1/2"]
[WhiteElo "1818"]
[BlackElo "1167"]
[TimeControl "300"]
[EndTime "23:28:58 PDT"]
[Termination "Game drawn by agreement"]

1. d4 Nf6 2. Nf3 d5 3. e3 c5 4. Bd3 Qb6 5. c3 c4 6. Bc2 e6 7. Nbd2 Bd6 8. Qe2 Nc6 9. O-O Bd7 10. e4 dxe4 11. Nxe4 Nxe4 12. Qxe4 O-O-O 13. Ne5 Nxe5 14. dxe5 Bc6 15. Qxc4 Bc5 16. Bf4 Rd7 17. a4 a5 18. b4 axb4 19. cxb4 Qxb4 20. Qxb4 Bxb4 21. Rfd1 Rxd1+ 22. Rxd1 Rd8 23. Rxd8+ Kxd8 24. Be3 Kc7 25. f4 b5 26. axb5 Bxb5 27. Bxh7 g6 28. Bg8 Be8 29. h4 Be1 30. Bf2 Bd2 31. g3 Kd7 32. Bc5 Ba5 33. Kf2 Bd8 34. Kf3 Be7 35. Bb6 Bd8 36. Bc5 Be7 37. Bd4 Bd8 38. Bh7 Ke7 39. g4 Kf8 40. h5 Kg7 41. hxg6 fxg6 42. Bxg6 Kxg6 43. f5+ exf5 44. gxf5+ Kxf5 45. Bc3 1/2-1/2

[Event "Live Chess"]
[Site "Chess.com"]
[Date "2024.06.02"]
[Round "-"]
[White "JoeyCage"]
[Black "Delacorta"]
[Result "1-0"]
[WhiteElo "2396"]
[BlackElo "1514"]
[TimeControl "300"]
[EndTime "23:29:44 PDT"]
[Termination "JoeyCage won by resignation"]

1. e4 e6 2. d4 d5 3. Nc3 dxe4 4.
Nxe4 Bd7 5. Nf3 Bc6 6. Bd3 Nd7 7.
Qe2 Ngf6 8. Neg5 Be7 9. Nxf7 Kxf7 10. Ng5+ Kg8 11. Qxe6+ 1-0

[Event "Live Chess"]
[Site "Chess.com"]
[Date "2024.06.02"]
[Round "-"]
[White "febray_27"]
[Black "KeithArkell"]
[Result "0-1"]
[WhiteElo "2050"]
[BlackElo "2429"]
[TimeControl "300"]
[EndTime "23:29:49 PDT"]
[Termination "KeithArkell won by resignation"]

1. Nf3 d5 2. d4 Bg4 3. g3 Bxf3 4. exf3 e6 5. Bg2 g6 6. O-O Bg7 7. Re1 Ne7 8. c4 c6 9. Nc3 O-O 10. cxd5 Nxd5 11. Nxd5 cxd5 12. b3 Nc6 13. Bb2 Qb6 14. Ba3 Rfd8 15. Bc5 Qc7 16. Rc1 b6 17. Bb4 Qd7 18. Bc3 Rac8 19. a3 Nxd4 20. Bxd4 Rxc1 21.
Qxc1 Bxd4 22. Qd2 Bf6 23. f4 Rc8 24. f5 gxf5 25. h4 Qc7 26. Qh6 Bg7 27. Qg5 Qc3 28. Re2 Qc1+ 29. Qxc1 Rxc1+ 30. Kh2 d4 31. Rd2 Rc3 32.
Rb2 d3 33. Bf3 Rc2 34. Rb1 Rxf2+ 35. Kh3 Rxf3 0-1

[Event "Live Chess"]
[Site "Chess.com"]
[Date "2024.06.02"]
[Round "-"]
[White "Greenbecker"]
[Black "matt1979"]
[Result "1-0"]
[WhiteElo "1727"]
[BlackElo "1385"]
[TimeControl "300"]
[EndTime "23:30:17 PDT"]
[Termination "Greenbecker won by resignation"]

1. e4 d6 2. d4 Nf6 3. Nc3 Nbd7 4. Nf3 e5 5. dxe5 dxe5 6. Bc4 Bb4 7. Bg5 h6 8. Bxf6 Nxf6 9. Qxd8+ Kxd8 10. Nxe5 Be6 11.
O-O-O+ Ke7 12. Bxe6 Kxe6 13. Nd3 Bxc3 14. bxc3 Nxe4 15.
Rhe1 f5 16. f3 Kf6 17. fxe4 fxe4 18. Rxe4 Rhe8 19. Rde1 Rxe4 20. Rxe4 1-0

[Event "Live Chess"]
[Site "Chess.com"]
[Date "2024.06.02"]
[Round "-"]
[White "RichardABates"]
[Black "NAZRIZ1977"]
[Result "1-0"]
[WhiteElo "2357"]
[BlackElo "2098"]
[TimeControl "300"]
[EndTime "23:30:31 PDT"]
[Termination "RichardABates won by resignation"]

1. d4 Nf6 2. Nf3 g6 3. g3 Bg7 4.
c4 O-O 5. Bg2 d6 6. O-O Nbd7 7.
Nc3 e5 8. e3 Re8 9. a4 a5 10.
b3 Nh5 11. Ba3 f5 12. dxe5 Nxe5 13. Nxe5 dxe5 14. Qxd8 Rxd8 15. Rad1 Be6 16. Nb5 Rxd1 17. Rxd1 1-0

[Event "Live Chess"]
[Site "Chess.com"]
[Date "2024.06.02"]
[Round "-"]
[White "MaximKovalenko83"]
[Black "Dhaydon19"]
[Result "0-1"]
[WhiteElo "2173"]
[BlackElo "2677"]
[TimeControl "300"]
[EndTime "23:31:28 PDT"]
[Termination "Dhaydon19 won on time"]

1. d4 d5 2. Nf3 e6 3. c4 Nf6 4.
Nc3 dxc4 5. g3 a6 6. Bg2 Be7 7.
O-O O-O 8. a4 Nc6 9. Bf4 Nd5 10.
Bd2 Rb8 11. e4 Ndb4 12. Be3 Nd3 13. Qe2 b5 14. axb5 axb5 15. d5 exd5 16. Nxd5 Bd6 17. b3 Be6 18. bxc4 bxc4 19. Ra4 Rb2 20. Qd1 Rb8 21. Qc2 Ncb4 22. Qxc4 Nxd5 23. Qxd3 Nxe3 24. Qxe3 Qe7 25. Rc1 Rb3 26. Qa7 c5 27. Qa6 Rfb8 28.
e5 Bc7 29. Qc6 Rb1 30. Ra1 Rxc1+ 31. Rxc1 Rb6 32. Qxc5 Qxc5 33. Rxc5 Rb1+ 34. Bf1 Bb8 35. Kg2 g6 36. Bd3 Rb2 37. Rb5 Rxb5 38. Bxb5 Bd5 39.
Bd7 Bxe5 40. Bb5 g5 41. h3 h5 42. g4 hxg4 43. hxg4 Bf4 44. Be2 f5 45. Kh3 Kg7 46. gxf5 Kf6 47. Kg4 Be4 48. Nd4 Be5 49. Nb3 Bxf5+ 50.
Kf3 Be6 51. Nd2 Bd5+ 52. Ke3 Bf4+ 53. Kd3 Kf5 54. Bf3 Bf7 55. Ne4 g4 56. Bg2 Ke5 57. Ng3 Bg6+ 58. Ke2 Be8 59. Kf1 Bb5+ 60. Kg1 Bd2 61.
Bf1 Bd7 62. Be2 Kf4 63. Kg2 Bc6+ 64. Kf1 Bb4 65. Kg1 Bc5 66. Kf1 Kg5 67. Kg1 Kh4 68.
Bf1 Bd7 69. Bg2 Bd6 70. Bf1 Be6 71. Bg2 Kg5 72. Bf1 Kf4 73. Bg2 Bc4 74. Bf1 Bb3 75. Bg2 Bc2 76. Bf1 Be4 77. Bg2 Bxg2 78. Kxg2 Bc5 0-1

[Event "Live Chess"]
[Site "Chess.com"]
[Date "2024.06.02"]
[Round "-"]
[White "juniortay"]
[Black "JohanKjeldahl"]
[Result "1-0"]
[WhiteElo "2409"]
[BlackElo "1857"]
[TimeControl "300"]
[EndTime "23:31:28 PDT"]
[Termination "juniortay won by resignation"]

1. e4 c5 2. Nf3 e6 3. d4 cxd4 4.
Bg5 Qb6 5. Qxd4 Nc6 6. Qxb6 axb6 7. Nbd2 Nge7 8. Bd3 h6 9. Be3 b5 10. Bxb5 Nb4 11. Bd3 Ng6 12. a3 Nxd3+ 13. cxd3 Be7 14. Rc1 O-O 15. Nc4 b5 16. Nb6 Rb8 17. Kd2 f5 18. Nxc8 Rfxc8 19. Rxc8+ Rxc8 20. Rc1 Rxc1 21. Kxc1 f4 22. Bd4 d6 23. Kc2 e5 24. Bc3 Kf7 25.
d4 Ke6 26. Kb3 Nf8 27. d5+ Kd7 28. Kb4 1-0

[Event "Live Chess"]
[Site "Chess.com"]
[Date "2024.06.02"]
[Round "-"]
[White "Duke_of_Bebington"]
[Black "elephantgerrald"]
[Result "1-0"]
[WhiteElo "1661"]
[BlackElo "839"]
[TimeControl "300"]
[EndTime "23:31:42 PDT"]
[Termination "Duke_of_Bebington won by checkmate"]

1. e4 e5 2. Nf3 Nc6 3. Bc4 Nf6 4.
O-O Bc5 5. c3 O-O 6. d4 exd4 7.
cxd4 Bxd4 8. Nxd4 Nxd4 9. Qxd4 d6 10. Bg5 c5 11. Bxf6 cxd4 12. Bxd8 Rxd8 13. Rd1 Bg4 14.
f3 Bh5 15. Rxd4 g6 16. Nc3 Rac8 17. Rad1 b5 18. Bb3 Rc6 19. Nxb5 a6 20. Nxd6 Rdc8 21. Nxf7 Kg7 22. Nd6 R8c7 23. Ne8+ Kh6 24. Nxc7 Rxc7 25. Rd7 Rxd7 26. Rxd7 a5 27. g4 a4 28. Bg8 Kg5 29. gxh5 Kxh5 30. Rxh7+ Kg5 31. Ra7 Kf6 32. Rxa4 Ke5 33.
Bd5 Kd6 34. f4 Ke7 35. f5 gxf5 36. exf5 Kf6 37. Be6 Ke5 38. Rb4 Kd6 39. a4 Kc6 40. a5 Kc7 41. a6 Kd6 42. a7 Kc7 43. a8=Q Kd6 44. Qd5+ Ke7 45. Rb7+ Kf6 46. Rf7+ Kg5 47. Qg2+ Kh5 48. Rh7# 1-0

[Event "Live Chess"]
[Site "Chess.com"]
[Date "2024.06.02"]
[Round "-"]
[White "vincents82"]
[Black "KyryloPoluliakh"]
[Result "1-0"]
[WhiteElo "2011"]
[BlackElo "1535"]
[TimeControl "300"]
[EndTime "23:32:25 PDT"]
[Termination "vincents82 won on time"]

1. e4 c5 2. Nf3 Nc6 3. d4 cxd4 4. Nxd4 g6 5. c4 Bg7 6. Be3 Nf6 7. Nc3 O-O 8. f3 d6 9. Qd2 Re8 10. Be2 Ne5 11. O-O a6 12. Rfd1 Qc7 13. b3 Nc6 14.
Rac1 Nd7 15. Nd5 Qb8 16. Nc2 e6 17. Nc3 Nce5 18. f4 Nc6 19. Bf3 Nc5 20. Ne2 b6 21. Qxd6 Qxd6 22. Rxd6 Bb7 23. e5 Nd8 24. Bxb7 Ndxb7 25. Rxb6 f6 26. b4 Nd3 27. Rd1 Nb2 28. Rb1 Nxc4 29.
Rxb7 Nxe3 30. Nxe3 fxe5 31. Rc1 exf4 32. Nxf4 Bd4 33.
Re1 Rf8 34. Nxe6 Bxe3+ 35. Rxe3 Rfe8 36. h3 Rac8 37. Rb6 Rc1+ 38. Kh2 Rc2 39. Rxa6 Rc4 40. b5 Rb4 41. a4 h6 42. Rg3 g5 43. Nxg5 hxg5 44. Rxg5+ Kf7 45. Rh5 Kg7 46. Rg5+ Kf7 47. Rg4 Rb3 48. Rg3 Rxg3 49. Kxg3 Re3+ 50. Kh2 Rb3 51. h4 Rb4 52. h5 Rh4+ 53. Kg3 Rxh5 54.
b6 Rc5 55. a5 Rc3+ 56. Kh2 Rb3 57. Ra7+ Ke6 58. b7 Kd6 59. a6 Kc7 60. Ra8 1-0

[Event "Live Chess"]
[Site "Chess.com"]
[Date "2024.06.02"]
[Round "-"]
[White "Crowded_House"]
[Black "WilliamofOrange16th"]
[Result "1/2-1/2"]
[WhiteElo "1694"]
[BlackElo "1977"]
[TimeControl "300"]
[EndTime "23:32:39 PDT"]
[Termination "Game drawn by repetition"]

1. d4 Nf6 2. Bg5 Ne4 3. Bh4 d5 4. Nd2 Nxd2 5. Qxd2 Nc6 6. c3 g6 7. Nf3 Bg7 8. e3 O-O 9. Bd3 Bg4 10. Be2 Qd7 11.
h3 Bf5 12. Bd3 Bxd3 13. Qxd3 e5 14. dxe5 Nxe5 15. Nxe5 Bxe5 16. O-O h6 17. Rad1 c6 18. f4 Bg7 19. b3 Rfe8 20. Bf2 Rad8 21. Qc2 f5 22. c4 Qe6 23. cxd5 Rxd5 24. Rxd5 Qxd5 25.
Rd1 Qe6 26. Qd3 a6 27. Qd7 Re7 28. Qxe6+ Rxe6 29. Rd7 b5 30. Kf1 c5 31. Rc7 Bf8 32.
Ke2 Re4 33. Rc6 c4 34. bxc4 Rxc4 35. Rxg6+ Kf7 36. Rxa6 Rc2+ 37. Kf3 b4 38. Be1 h5 39. Ra4 Rb2 40. g4 fxg4+ 41. hxg4 hxg4+ 42. Kxg4 Bc5 43. e4 Re2 44. Bxb4 Bxb4 45. Rxb4 Rxa2 46. e5 Rg2+ 47. Kf3 Ra2 48. Re4 Ra6 49. f5 Ra1 50. e6+ Ke7 51.
Kf4 Rf1+ 52. Ke5 Rf2 53. Rf4 Re2+ 54. Re4 Rf2 55. Rf4 Re2+ 56. Re4 Rf2 1/2-1/2

[Event "Live Chess"]
[Site "Chess.com"]
[Date "2024.06.02"]
[Round "-"]
[White "JanMur7"]
[Black "Ferrarifan27"]
[Result "0-1"]
[WhiteElo "2283"]
[BlackElo "2122"]
[TimeControl "300"]
[EndTime "23:33:59 PDT"]
[Termination "Ferrarifan27 won on time"]

1. c4 Nf6 2. Nc3 e6 3. d4 d5 4. Bg5 Be7 5. e3 c6 6. Nf3 O-O 7. cxd5 exd5 8. Bd3 h6 9. Bh4 Bg4 10. h3 Bh5 11. g4 Bg6 12. Ne5 Bxd3 13. Qxd3 Nbd7 14. f4 Ne4 15. Bxe7 Qxe7 16. Nxd7 Qxd7 17. Nxe4 dxe4 18. Qxe4 Rfe8 19. Qd3 Rxe3+ 20. Qxe3 Re8 21. Kf2 Rxe3 22. Kxe3 Qe7+ 23. Kd3 Qb4 24. b3 Qb5+ 25. Kc3 Qa5+ 26. Kc2 Qd5 27. f5 Qxd4 28. Rad1 Qe4+ 29. Kb2 Kh7 30. Rhf1 Qg2+ 31. Kb1 Qxh3 32. Rf4 Qh2 33. Rc4 f6 34. Rd7 Qg1+ 35. Rc1 Qxg4 36. Rxb7 Qxf5+ 37. Kb2 Qf3 38. Rc3 Qf2+ 39. Rc2 Qd4+ 40. Ka3 a5 41. Rg2 f5 42. Rf7 f4 43. Rg4 h5 44. Rgxf4 Qc5+ 45. Kb2 Kh6 46. R7f5 Qd6 47. Rf2 Qd4+ 48. Kb1 g6 49.
R5f4 Qd3+ 50. Kb2 c5 51. Rc4 Qe3 52. Rfc2 Qe5+ 53. Kb1 Qe1+ 54. Kb2 Qe5+ 55. Kb1 g5 56. Rxc5 Qe1+ 57. Kb2 h4 58. Rc6+ Kh5 59. Rc8 Qe5+ 60. Kb1 h3 61. R8c4 h2 62. Rc1 g4 63. Rc5 Qxc5 64.
Rxc5+ Kh4 65. Rc1 g3 0-1

[Event "Live Chess"]
[Site "Chess.com"]
[Date "2024.06.02"]
[Round "-"]
[White "EPotapov05"]
[Black "MagnersCarlsberg2870"]
[Result "1-0"]
[WhiteElo "1816"]
[BlackElo "1810"]
[TimeControl "300"]
[EndTime "23:34:12 PDT"]
[Termination "EPotapov05 won by resignation"]

1. d4 Nf6 2. c4 e5 3. dxe5 Ng4 4. Bf4 Nc6 5. Nf3 Qe7 6. e3 Ngxe5 7. Nxe5 Nxe5 8. Be2 Ng6 9. Bxc7 Qb4+ 10. Qd2 Qxd2+ 11.
Nxd2 b6 12. Bg3 Bb7 13. Bf3 Bxf3 14. Nxf3 Bb4+ 15. Ke2 Rc8 16. b3 O-O 17. Rhd1 Rfd8 18. Bd6 Bc3 19. Rac1 Bf6 20. Rd3 Rc6 21. Rcd1 a5 22.
a4 h6 23. Rd5 Kh7 24. Nd4 Bxd4 25. R5xd4 Nh8 26. Bg3 Ng6 27. Rxd7 Rxd7 28. Rxd7 f6 29. Rd6 Rxd6 30. Bxd6 Ne5 31. Bxe5 fxe5 32. Kd3 Kg6 33. Ke4 Kf6 34. Kd5 1-0

[Event "Live Chess"]
[Site "Chess.com"]
[Date "2024.06.02"]
[Round "-"]
[White "matt1979"]
[Black "NAZRIZ1977"]
[Result "0-1"]
[WhiteElo "1385"]
[BlackElo "2098"]
[TimeControl "300"]
[EndTime "23:34:16 PDT"]
[Termination "NAZRIZ1977 won by resignation"]

1. f4 c5 2. Nf3 Nc6 3. e3 g6 4. d3 Bg7 5. Be2 d6 6. O-O Nf6 7. e4 Bg4 8. Nc3 O-O 9. Qe1 Bxf3 10. Rxf3 Nd4 11. Rh3 Nxc2 12. Qh4 e6 13. Rb1 Nh5 14. Qxd8 Rfxd8 15. Bxh5 gxh5 16. Rxh5 Rab8 17. Bd2 b5 18. a3 Nd4 19. Rf1 b4 20. Nd1 bxa3 21.
bxa3 Rb1 22. Bc3 Ne2+ 23. Kf2 Nxc3 24. Nxc3 Rxf1+ 25. Kxf1 Bxc3 0-1

[Event "Live Chess"]
[Site "Chess.com"]
[Date "2024.06.02"]
[Round "-"]
[White "nigelst"]
[Black "Bradfield133"]
[Result "1-0"]
[WhiteElo "1742"]
[BlackElo "1869"]
[TimeControl "300"]
[EndTime "23:34:20 PDT"]
[Termination "nigelst won on time"]

1. e4 c5 2. Nf3 Nc6 3. Bb5 Qb6 4. Nc3 e6 5. O-O Nge7 6. Qe2 Nd4 7. Qd3 a6 8. Ba4 Nec6 9. Bxc6 Nxc6 10. e5 Qc7 11. Re1 Be7 12. Qe4 O-O 13. d4 cxd4 14. Nxd4 f6 15.
Nxc6 bxc6 16. exf6 Rxf6 17. Bg5 Rf7 18. Bxe7 Rxe7 19.
Qh4 d5 20. Ne2 Rf7 21. Ng3 Qf4 22. Qxf4 Rxf4 23. Re2 c5 24. Rae1 c4 25. Nf1 a5 26.
Nd2 a4 27. b3 axb3 28. axb3 cxb3 29. Nxb3 Rc4 30. Ra1 Rxa1+ 31. Nxa1 Kf7 32. Nb3 Ke7 33. g3 Kd6 34. f4 Ba6 35. Rd2 Bb5 36. Na5 Ra4 37.
Nb7+ Kc6 38. Nd8+ Kd6 39. Nb7+ Kc6 40. Nd8+ Kd7 41. Nf7 Ke7 42. Ng5 h6 43. Nf3 Rc4 44. Nd4 Ba4 45. Nb3 Bxb3 46. cxb3 Rb4 47. Rd3 Kd6 48. Kf2 Kc5 49. Ke3 Kd6 50. Rc3 Re4+ 51.
Kd3 Re1 52. Rc2 1-0

[Event "Live Chess"]
[Site "Chess.com"]
[Date "2024.06.02"]
[Round "-"]
[White "booktrunk"]
[Black "dl_chess"]
[Result "0-1"]
[WhiteElo "1522"]
[BlackElo "1185"]
[TimeControl "300"]
[EndTime "23:34:30 PDT"]
[Termination "dl_chess won by resignation"]

1. d4 Nf6 2. Nc3 g6 3. Bf4 a6 4. e3 Bg7 5. Nf3 d6 6. Bd3 O-O 7. O-O Nh5 8. Bg3 Nxg3 9. fxg3 Bg4 10. Rb1 Nd7 11. Be2 Bxf3 12. Bxf3 Rb8 13. Nd5 c6 14. Nf4 e5 15. dxe5 Bxe5 16. Nd3 Bg7 17. Nf2 d5 18. e4 dxe4 19. Nxe4 Re8 20. Ng5 Ne5 21. Qxd8 Rbxd8 22. c3 h6 23. Nh3 Rd2 24. Rfd1 Nxf3+ 25. gxf3 Ree2 26. Rxd2 Rxd2 27. Nf4 Be5 28. Ng2 g5 29. Kf1 f5 30. f4 gxf4 31. gxf4 Bf6 32. a3 Kf7 33. Kg1 b5 34. Ne3 Ke6 35. Re1 Bh4 36.
Ng2+ Bxe1 37. Nxe1 Rxb2 38. h3 Rb3 0-1

[Event "Live Chess"]
[Site "Chess.com"]
[Date "2024.06.02"]
[Round "-"]
[White "ProfPoisson"]
[Black "peteopeteo"]
[Result "1-0"]
[WhiteElo "1286"]
[BlackElo "1543"]
[TimeControl "300"]
[EndTime "23:34:45 PDT"]
[Termination "ProfPoisson won by resignation"]

1. e4 c6 2. d4 d5 3. exd5 cxd5 4. c4 Nf6 5. Nc3 Bf5 6. Qb3 Bc8 7. cxd5 Nbd7 8. Bb5 a6 9. Bxd7+ Qxd7 10. Nge2 b5 11. Nf4 g6 12. O-O Bg7 13. Be3 Bb7 14. a4 O-O 15.
axb5 axb5 16. Rxa8 Rxa8 17. Qxb5 Qxb5 18. Nxb5 Nxd5 19.
Nxd5 Bxd5 20. Nc7 Rd8 21. Nxd5 Rxd5 22. Rb1 Bxd4 23. Bxd4 Rxd4 24. b4 Rd6 25. b5 Rb6 26. f4 Kf8 27. Kf2 f5 28. Kf3 e6 29. h4 Ke7 30. g4 Kd6 31. h5 Kc5 32. gxf5 exf5 33. hxg6 hxg6 34. Kg3 Rxb5 35. Rxb5+ Kxb5 36. Kh4 Kc4 37. Kg5 Kd4 38. Kxg6 Ke4 39. Kg5 Kd5 40. Kxf5 Kd6 41.
Kf6 Kd7 42. f5 Ke8 43. Ke6 Kf8 44. Kf6 Ke8 45. Kg7 1-0

[Event "Live Chess"]
[Site "Chess.com"]
[Date "2024.06.02"]
[Round "-"]
[White "RockTroll"]
[Black "Ziipyyy"]
[Result "1-0"]
[WhiteElo "2183"]
[BlackElo "1312"]
[TimeControl "300"]
[EndTime "23:34:46 PDT"]
[Termination "RockTroll won on time"]

1. Nf3 Nf6 2. g3 d6 3. Bg2 g6 4. d3 Bg7 5. Bd2 O-O 6. Qc1 Nbd7 7. Bh6 e5 8. h4 Ng4 9. Bxg7 Kxg7 10. h5 Ndf6 11.
Nc3 Nxh5 12. Qd2 f5 13. e3 Bd7 14. O-O-O Bc6 15. Rxh5 gxh5 16. Rh1 Qe8 17. e4 f4 18.
Ng5 Qg6 19. gxf4 Rxf4 20. Nh3 Rf7 21. f4 exf4 22. Nxf4 Rxf4 23. Qxf4 Rf8 24. Qg3 Qg5+ 25. Kb1 Bd7 26. Bf3 Qe3 27. Rf1 Rf4 28. Nd5 Rxf3 29. Qxf3 Qxf3 30. Rxf3 c6 31. Nf4 Nh2 32. Rf2 1-0